 Dungeon Crawl Stone Soup version 0.27-a0-512-g57cc695410 (webtiles) character file.

Game seed: 5216579331277079862

13206 Anon1729 the Tainter (level 12, -4/89 HPs)
             Began as a Merfolk Venom Mage on Mar 3, 2021.
             Was an Initiate of Ashenzari.
             Slain by a freezing wraith (10 damage)
             ... in an ice cave.
             The game lasted 00:37:13 (16587 turns).

Anon1729 the Tainter (Merfolk Venom Mage)          Turns: 16587, Time: 00:37:13

Health: -4/89      AC:  4    Str: 13    XL:     12   Next: 3%
Magic:  6/32       EV: 18    Int: 22    God:    Ashenzari [......]
Gold:   770        SH:  0    Dex: 15    Spells: 13/26 levels left

rFire    . . .     SeeInvis .   A - +4 rapier of Moral Flaws {vorpal, Will+ Str+4 Int+4}
rCold    . . .     Faith    .   (no shield)
rNeg     + . .     Spirit   .   C - +1 robe "Ruined Vexation" {Will+, Self, Alch} (curse)
rPois    .         Reflect  .   (no helmet)
rElec    .         Harm     .   y - scarf {shadows}
rCorr    .         Rampage  .   t - +0 pair of gloves
Will     ++...                  (no boots)
Stlth    ++++......             (no amulet)
HPRegen  0.24/turn              j - ring of magical power
MPRegen  0.23/turn              J - ring of positive energy

@: slowed, very slow
A: change form in water, swift swim, stealthy swim
a: Renounce Religion, Curse Item, Shatter the Chains


You were in an ice cave.
You worshipped Ashenzari.
Ashenzari was noncommittal.
You visited 2 branches of the dungeon, and saw 12 of its levels.
You also visited: Ice Cave.

You collected 770 gold pieces.

Inventory:

Hand Weapons
 w - a +0 dagger of speed
 A - the +4 rapier of Moral Flaws (weapon) {vorpal, Will+ Str+4 Int+4}
   (You found it on level 5 of the Dungeon)

   It inflicts extra damage upon your enemies.
   It affects your strength (+4).
   It affects your intelligence (+4).
   It affects your willpower, your defense against some magical effects.
Missiles
 x - a throwing net
Armour
 t - a +0 pair of gloves (worn)
 y - a scarf of shadows (worn)
 C - the cursed +1 robe "Ruined Vexation" (worn) {Will+, Self, Alch}
   (You found it on level 5 of the Dungeon)

   It has a curse placed upon it.
Jewellery
 j - a ring of magical power (left hand)
 r - a ring of wizardry
 B - a +4 ring of evasion
 E - a ring of poison resistance
 F - a ring of magical power
 J - a ring of positive energy (right hand)
Wands
 a - a wand of charming (15)
 H - a wand of flame (11)
Scrolls
 c - 20 scrolls of identify
 e - 7 scrolls of teleportation
 i - 3 scrolls of amnesia
 m - a scroll of enchant weapon
 o - 2 scrolls of immolation
 p - a scroll of fog
 u - 3 scrolls of magic mapping
 D - 2 scrolls of fear
 G - a scroll of enchant armour
Potions
 b - 3 potions of haste
 d - 2 potions of ambrosia
 f - a potion of brilliance
 g - 4 potions of heal wounds
 h - a potion of lignification
 k - 2 potions of flight
 l - 4 potions of curing
 n - a potion of berserk rage
 q - 2 potions of resistance
 s - a potion of mutation
 v - a potion of magic
 z - 2 potions of attraction
 I - a potion of might


   Skills:
 + Level 6.2(6.9) Fighting
 + Level 9.8 Dodging
 + Level 9.1 Stealth
 + Level 7.0(7.7) Spellcasting
 + Level 9.4(10.1) Transmutations
 - Level 3.0 Fire Magic
 * Level 11.3(11.9) Poison Magic


You had 13 spell levels left.
You knew the following spells:

 Your Spells              Type           Power        Failure   Level
a - Sting                 Tmut/Pois      100%         1%          1
b - Poisonous Vapours     Pois/Air       68%          1%          2
c - Ignite Poison         Fire/Tmut/Pois 45%          1%          3
d - Olgreb's Toxic Radia  Pois           57%          1%          4
e - Mephitic Cloud        Conj/Pois/Air  26%          4%          3

Your spell library contained the following spells:

 Spells                   Type           Power        Failure   Level
 Freeze                   Ice            32%          8%          1
 Frozen Ramparts          Ice            16%          22%         3
 Ozocubu's Armour         Ice            8%           22%         3
 Hailstorm                Conj/Ice       8%           58%         4
 Summon Ice Beast         Ice/Summ       8%           58%         4


Dungeon Overview and Level Annotations

Branches:
Dungeon (11/15)            Temple (1/1) D:7            Lair (0/6) D:11
  IceCv (1/1)
    Orc: D:9-12

Altars:
Ashenzari
Dithmenos
Elyvilon
Fedhas
Gozag
Hepliaklqana
Kikubaaqudgha
Makhleb
Nemelex Xobeh
Okawaru
Qazlal
Ru
Sif Muna
Trog
Uskayaw
Vehumet
Wu Jian
Xom
Yredelemnul
Zin
The Shining One

Shops:
D:9 (

Annotations:
D:3 2 runed translucent doors, Anon1729's ghost, weakling MiGl IceCv exclusion: ice statue


Message History

Aiming: Mephitic Cloud (mildly dangerous; 4% risk of failure)
Press: ? - help, Shift-Dir - straight line
Okay, then.
Casting: Mephitic Cloud (mildly dangerous; 4% risk of failure)
Confirm with . or Enter, or press ? or * to list all spells.
Aiming: Mephitic Cloud (mildly dangerous; 4% risk of failure)
Press: ? - help, Shift-Dir - straight line
Okay, then.
Casting: Mephitic Cloud (mildly dangerous; 4% risk of failure)
Confirm with . or Enter, or press ? or * to list all spells.
Aiming: Mephitic Cloud (mildly dangerous; 4% risk of failure)
Press: ? - help, Shift-Dir - straight line, f - freezing wraith
Aim: a freezing wraith (lightly damaged, not susceptible)
The ball explodes into a vile cloud!
The stinking cloud engulfs the freezing wraith but does no damage.
The freezing wraith is lightly damaged.
Casting: Mephitic Cloud (mildly dangerous; 4% risk of failure)
Confirm with . or Enter, or press ? or * to list all spells.
You ignite the poison in your surroundings!
The freezing wraith is engulfed in blazing flames.
The freezing wraith closely misses you. The freezing wraith barely misses you.
Unknown command.
You hit the freezing wraith but do no damage.
The freezing wraith is moderately damaged.
The freezing wraith is engulfed in blazing flames.
The freezing wraith hits you. The freezing wraith freezes you!
The freezing wraith hits you. The freezing wraith drains your vigour!
You feel yourself slow down.
The freezing wraith is engulfed in blazing flames.
The freezing wraith hits you! The freezing wraith freezes you!
The freezing wraith hits you.
Unknown command.
You hit the freezing wraith but do no damage.
The freezing wraith is severely damaged.
The freezing wraith hits you!
* * * LOW HITPOINT WARNING * * *
The freezing wraith freezes you!
* * * LOW HITPOINT WARNING * * *
The freezing wraith hits you!
You die...

............####
###...## ...........##
###...### ..........##
###...### #.#....#.##
###..W.## ###
####..#### ##.W..###
##.## ### #..##
##...### ##...## ..#
##..##
#..########..#..###..#
##..#
##..###.....###.....#
##...# ##..@W°...##
##...## ##...##
#...○.°...########
#...## #.........(.#
#.W.## #...........#
##...# ##.......####
##...## ###...###
##.....## ###..## ###
#...∩...# ##..####
###.## #.......#
#...#..#####....####


You could see a freezing wraith.

Vanquished Creatures
  A two-headed ogre (D:9)
  An unseen horror (D:10)
  A cyclops (D:11)
  Maurice (D:8)
  An elephant (D:11)
  A centaur skeleton (D:10)
  6 freezing wraiths (IceCv)
  2 trolls (D:10)
  Grinder (D:5)
  Sigmund (D:5)
  A shadow (D:11)
  4 wyverns
  10 yaks (D:9)
  A wraith (D:10)
  A basilisk (D:11)
  Menkaure (D:5)
  A death yak simulacrum (IceCv)
  A water moccasin (D:9)
  Duvessa (D:5)
  2 orc warriors (D:8)
  7 ice beasts
  An alligator simulacrum (IceCv)
  7 ogres
  2 black bears
  A necrophage (D:10)
  7 centaurs
  3 phantoms
  Blork the orc (D:4)
  7 bullfrogs
  Dowan (D:5)
  3 scorpions
  A water moccasin skeleton (D:8)
  5 killer bees (D:9)
  An elephant simulacrum (IceCv)
  6 wights
  A howler monkey (D:9)
  2 centaur zombies
  A jelly (D:8)
  5 hounds
  Crazy Yiuf (D:7)
  6 orc priests
  2 bullfrog skeletons
  2 iguanas
  12 orc wizards
  A spriggan simulacrum (IceCv)
  A polar bear simulacrum (IceCv)
  6 worker ants
  A troll simulacrum (IceCv)
  A hound zombie (D:8)
  A howler monkey zombie (D:8)
  2 worker ant zombies
  A howler monkey skeleton (D:7)
  7 gnolls
  A naga simulacrum (IceCv)
  An ogre simulacrum (IceCv)
  12 adders
  2 shadow imps
  13 white imps
  An ufetubus (D:8)
  5 oozes
  2 adder skeletons
  3 worms
  3 dart slugs
  3 leopard geckos
  29 orcs
  A ball python (D:5)
  3 giant cockroaches
  3 goblins
  18 hobgoblins
  5 jackals
  5 quokkas
  6 bats
  9 frilled lizards
  13 kobolds
  2 leopard gecko skeletons
  2 quokka skeletons
  6 rats
293 creatures vanquished.

Vanquished Creatures (others)
  A troll (D:11)
  2 plants (D:5)
3 creatures vanquished.

Grand Total: 296 creatures vanquished

Notes
Turn   | Place    | Note
-------+----------+-------------------------------------------
     0 | D:1      | Anon1729 the Merfolk Venom Mage began the quest for the
                  | Orb.
     0 | D:1      | Reached XP level 1. HP: 13/13 MP: 3/3
   194 | D:1      | Reached XP level 2. HP: 14/19 MP: 3/5
   985 | D:1      | Reached XP level 3. HP: 24/24 MP: 4/6
  1190 | D:1      | Learned a level 2 spell: Poisonous Vapours
  2034 | D:2      | Reached XP level 4. HP: 21/30 MP: 0/7
  2128 | D:1      | Learned a level 3 spell: Ignite Poison
  3434 | D:3      | Reached XP level 5. HP: 29/35 MP: 1/8
  3625 | D:3      | Reached skill level 4 in Poison Magic
  4025 | D:3      | Found a runed translucent door.
  4037 | D:3      | Found a sparkling altar of Nemelex Xobeh.
  4078 | D:3      | Reached skill level 1 in Fire Magic
  4317 | D:3      | Reached XP level 6. HP: 35/41 MP: 8/10
  4616 | D:3      | Found a runed translucent door.
  4617 | D:3      | Noticed Anon1729's ghost (weakling MiGl)
  4961 | D:4      | Learned a level 4 spell: Olgreb's Toxic Radiance
  5507 | D:4      | Found a broken altar of Ashenzari.
  5585 | D:4      | Noticed Blork the orc
  5587 | D:4      | Killed Blork the orc
  5588 | D:4      | Reached XP level 7. HP: 46/46 MP: 11/11
  5630 | D:4      | Became a worshipper of Ashenzari the Shackled
  5983 | D:4      | Reached skill level 5 in Poison Magic
  6329 | D:4      | Found a sparkling altar of Nemelex Xobeh.
  6505 | D:5      | Entered Level 5 of the Dungeon
  6512 | D:5      | Identified the +4 rapier of Moral Flaws {vorpal, Will+
                  | Str+4 Int+4}
  6794 | D:5      | Reached skill level 5 in Dodging
  6957 | D:5      | Noticed Grinder
  6964 | D:4      | Learned a level 3 spell: Mephitic Cloud
  6968 | D:5      | Paralysed by Grinder for 6 turns
  7045 | D:5      | Killed Grinder
  7046 | D:5      | Reached XP level 8. HP: 52/52 MP: 13/13
  7155 | D:5      | Noticed Sigmund
  7164 | D:5      | Killed Sigmund
  7165 | D:5      | Reached skill level 5 in Stealth
  7165 | D:5      | Reached skill level 6 in Poison Magic
  7255 | D:5      | Noticed Dowan
  7256 | D:5      | Noticed Duvessa
  7260 | D:5      | Killed Duvessa
  7261 | D:5      | Reached skill level 5 in Transmutations
  7262 | D:5      | Killed Dowan
  7491 | D:5      | Found a glowing golden altar of the Shining One.
  7557 | D:5      | Found a sacrificial altar of Ru.
  7673 | D:5      | Noticed Menkaure
  7679 | D:5      | Killed Menkaure
  7984 | D:6      | Reached skill level 7 in Poison Magic
  7984 | D:6      | Reached XP level 9. HP: 48/57 MP: 13/15
  9457 | D:7      | Found a runed translucent door.
  9458 | D:7      | Noticed Crazy Yiuf
  9464 | D:7      | Killed Crazy Yiuf
  9465 | D:7      | Reached skill level 1 in Fighting
  9937 | D:7      | Found a sacrificial altar of Ru.
  9972 | D:7      | Found a staircase to the Ecumenical Temple.
  9985 | Temple   | Entered the Ecumenical Temple
 10619 | D:8      | Reached skill level 5 in Spellcasting
 10619 | D:8      | Reached skill level 8 in Poison Magic
 10956 | D:8      | Noticed Maurice
 10962 | D:8      | Killed Maurice
 10963 | D:8      | Reached XP level 10. HP: 55/71 MP: 13/19
 11657 | D:9      | Reached skill level 9 in Poison Magic
 12364 | D:9      | Found Domo's Antique Weapon Emporium.
 12923 | D:9      | Noticed a two-headed ogre
 12926 | D:9      | Killed a two-headed ogre
 12927 | D:9      | Reached skill level 10 in Poison Magic
 12927 | D:9      | Reached XP level 11. HP: 80/80 MP: 19/21
 13097 | D:10     | Entered Level 10 of the Dungeon
 13623 | D:10     | Killed an unseen horror
 13624 | D:10     | Reached skill level 5 in Fighting
 13907 | D:10     | Found a glowing silver altar of Zin.
 13927 | D:10     | Found a radiant altar of Vehumet.
 13927 | D:10     | Found a shimmering altar of Xom.
 13930 | D:10     | Found a broken altar of Ashenzari.
 13930 | D:10     | Found a blossoming altar of Fedhas.
 13930 | D:10     | Found a sacrificial altar of Ru.
 14943 | D:11     | Noticed a cyclops
 14947 | D:11     | Killed a cyclops
 15033 | D:11     | Found a staircase to the Lair.
 15065 | D:11     | Found a frozen archway.
 15215 | IceCv    | Entered an ice cave
 15260 | IceCv    | Identified the cursed +1 robe "Ruined Vexation" {Will+,
                  | Self, Alch} (You found it on level 5 of the Dungeon)
 15297 | IceCv    | Reached skill level 11 in Poison Magic
 16189 | IceCv    | Reached XP level 12. HP: 39/89 MP: 1/23
 16587 | IceCv    | Slain by a freezing wraith

Illustrated notes

Levels and vault maps discovered:
D:1:      dpeg_arrival_rhombus, layout_loops_corners,
          minmay_misc_feat_more_columns, hangedman_decor_points,
          amethyst_killhole
D:2:      layout_rooms
D:3:      layout_basic, nemelex_altar_shiori, ebering_ghost_sewer_f
D:4:      layout_layer_cave, evilmike_ruin_ashenzari, nrook_uturn,
          nemelex_dance_club_becter, uniq_blork_the_orc
D:5:      layout_rooms, lemuel_crystal_altar, serial_bayou_pond_c,
          nicolae_ru_great_annihilating_truth, uniq_sigmund, uniq_menkaure,
          uniq_grinder, uniq_duvessa
D:6:      layout_basic
D:7:      layout_basic, lemuel_doored_altar, minmay_temple_entry_slanted,
          kennysheep_cross_bottleneck, uniq_crazy_yiuf_cottage
D:8:      layout_rooms, uniq_maurice
D:9:      layout_roguey, cheibrodos_worm_habitat, serial_shops, shop,
          skrybe_limestone_x, st_stairs_6
D:10:     minmay_razor_zed, layout_basic, doesnt_xom_only_xom
D:11:     minmay_opposing_rooms, layout_basic, david_lair_generic,
          portal_ice_cave_entry_pillars_2
Temple:   minmay_crystal_spiral_temple
IceCv:    ice_cave_small_necro

Skill      XL: |  1  2  3  4  5  6  7  8  9 10 11 |
---------------+----------------------------------+-----
Dodging        | 3 4 5 6 7 8 9 |  9.8
Transmutations | 2 3 4 5 7 8 9 |  9.4
Stealth        | 3 4 5 7 8 9 |  9.1
Poison Magic   | 4 5 7 8 10 11 | 11.3
Fire Magic     | 1 2 3 |  3.0
Spellcasting   | 3 4 5 6 7 |  7.0
Fighting       | 3 4 6 |  6.2

Action                   |  1- 3 |  4- 6 |  7- 9 | 10-12 || total
-------------------------+-------+-------+-------+-------++-------
Melee: Unarmed           |    18 |    35 |       |       ||    53
       Dagger            |       |       |    38 |       ||    38
       Rapier            |       |       |    84 |    91 ||   175
 Cast: Sting             |    58 |   133 |     4 |    37 ||   232
       Poisonous Vapours |     7 |     4 |     9 |    10 ||    30
       Ignite Poison     |       |     9 |    41 |    84 ||   134
       Olgreb's Toxic Ra |       |     5 |    33 |    38 ||    76
       Mephitic Cloud    |       |       |     8 |    29 ||    37
Invok: Curse Item        |       |       |     1 |       ||     1
Evoke: Wand              |       |       |       |     6 ||     6
  Use: Potion            |       |       |       |     1 ||     1
       Scroll            |       |       |       |     1 ||     1
 Stab: Sleeping          |       |       |     7 |     3 ||    10
Armor: Robe              |     7 |    13 |    11 |    24 ||    55
       Skin              |       |       |       |     1 ||     1
Dodge: Dodged            |    43 |    83 |    95 |   148 ||   369

Table legend: (Time is in decaauts)
 A = Elapsed time spent in this place.
 B = Non-inter-level travel time spent in this place.
 C = Inter-level travel time spent in this place.
 D = Time resting spent in this place.
 E = Time spent auto-exploring this place.
 F = Levels seen in this place.
 G = Mean time per level.
                   A        B        C        D        E       F      G
               +--------+--------+--------+--------+--------+-----+--------+
         Total |  16613 |  16260 |    353 |   2721 |  11159 |  13 | 1277.9 |
       Dungeon |  15011 |  14742 |    269 |   1874 |  10813 |  11 | 1364.6 |
        Temple |    211 |    127 |     84 |      0 |    127 |   1 |  211.0 |
      Ice Cave |   1390 |   1390 |      0 |    847 |    219 |   1 | 1390.0 |
               +--------+--------+--------+--------+--------+-----+--------+

Top non-repeatable levels by time:
     D:1: 2037 daAuts
     D:4: 1894 daAuts
    D:10: 1854 daAuts
     D:9: 1515 daAuts
     D:3: 1413 daAuts
   IceCv: 1390 daAuts
     D:2: 1353 daAuts
     D:8: 1274 daAuts
     D:5: 1248 daAuts
     D:6: 1216 daAuts
     D:7: 929 daAuts
    D:11: 272 daAuts
  Temple: 211 daAuts
